AoeStats
← 村中一匹狼

Black Forest

510910658Analyzed
4v4 RM · 8h ago on Oct 3, 2026· 52m 15s· 8 players
Game mode
Random Map
Map size
Large (8 player)
Population
200
Speed
Normal
Resources
Standard
Victory
Conquest
Starting age
Dark Age
Ending age
Imperial Age
RankedLock teamsTeams togetherTeam positionsShared explorationLock speedFull tech treeHidden civsTurbo modeCheats
Victory
Defeat
🇨🇳 Britons · China
883
+13
🇺🇦 Tatars · Ukraine
861
+14
🇨🇳 Mongols · China
860
+14
🇬🇧 Saxons · United Kingdom
826
+15
🇦🇷 Goths · Argentina
926
-19
🇲🇽 Mongols · Mexico
779
-23
🇨🇴 Chinese · Colombia
767
-12
🇺🇸 Varangians · United States
766
-12
mars—double 97556
12:27 Feudal Age
14:35 Double-Bit Axe
17:23 Castle Age
18:32 Bow Saw
18:12 Horse Collar
28:05 Wheelbarrow
29:30 Husbandry
29:40 Bloodlines
33:14 Imperial Age
31:32 Gold Mining
32:59 Hand Cart
34:24 Stone Mining
35:18 Gold Shaft Mining
35:10 Heavy Plow
36:04 Parthian Tactics
37:58 Conscription
38:29 Fletching
38:39 Padded Archer Armor
38:50 Forging
38:41 Scale Mail Armor
38:47 Scale Barding Armor
39:19 Elite Steppe Lancer
41:23 Bodkin Arrow
41:43 Leather Archer Armor
42:03 Iron Casting
44:36 Chemistry
45:10 Heavy Cavalry Archer
51:50 Light Cavalry
Executioner's Bong
0:31 Loom
16:37 Feudal Age
20:23 Double-Bit Axe
23:16 Fishing Lines
26:37 Castle Age
25:30 Forging
28:05 Gold Mining
28:27 Horse Collar
29:39 Scale Mail Armor
29:34 Stone Mining
29:39 Gambesons
30:56 Iron Casting
30:37 Bow Saw
30:43 Gillnets
30:53 Arson
32:19 Chain Mail Armor
32:52 Fortified Wall
33:55 Fletching
34:20 Treadmill Crane
35:46 Wheelbarrow
35:31 Bodkin Arrow
36:14 Gold Shaft Mining
36:55 Town Watch
39:12 Hand Cart
41:11 Squires
45:31 Imperial Age
43:27 Town Patrol
43:43 Masonry
46:07 Guard Tower
47:19 Chemistry
46:52 Plate Mail Armor
46:23 Bracer
46:17 Elite Varangian Guard
49:51 Conscription
48:58 Shield Wall
51:59 Murder Holes
52:38 Architecture
52:29 Ballistics
1mmr
0:31 Loom
8:56 Loom
12:07 Feudal Age
12:46 Double-Bit Axe
13:08 Horse Collar
16:30 Wheelbarrow
17:53 Gold Mining
18:45 Stone Mining
22:55 Castle Age
24:25 Bow Saw
26:25 Heavy Plow
29:14 Caravan
30:58 Gold Shaft Mining
33:12 Imperial Age
30:59 Hand Cart
32:17 Fletching
32:27 Padded Archer Armor
32:33 Scale Barding Armor
32:38 Forging
35:20 Ballistics
36:00 Chemistry
34:59 Bodkin Arrow
35:19 Leather Archer Armor
35:25 Chain Barding Armor
36:05 Crop Rotation
36:09 Fortified Wall
36:14 Masonry
36:30 Conscription
35:33 Heavy Cavalry Archer
36:22 Husbandry
36:32 Bloodlines
35:44 Light Cavalry
37:54 Hussar
39:30 Silk Armor
39:42 Timurid Siegecraft
40:04 Ring Archer Armor
39:35 Bracer
40:10 Plate Barding Armor
40:11 Iron Casting
40:07 Guilds
40:20 Treadmill Crane
45:21 Blast Furnace
46:12 Siege Engineers
村中一匹狼
1:10 Loom
12:04 Feudal Age
15:39 Double-Bit Axe
16:30 Horse Collar
22:01 Castle Age
20:03 Fishing Lines
22:53 Wheelbarrow
23:21 Gillnets
24:09 Bow Saw
25:15 Hand Cart
26:34 Stone Mining
26:34 Gold Mining
27:31 Heavy Plow
32:50 Imperial Age
30:54 Padded Archer Armor
30:45 Fletching
31:55 Ballistics
31:16 Treadmill Crane
31:59 Ballistics
32:51 Leather Archer Armor
32:32 Bodkin Arrow
33:33 Yeomen
34:16 Conscription
34:40 Gold Shaft Mining
34:51 Ring Archer Armor
34:22 Bracer
35:26 Town Watch
35:06 Elite Longbowman
36:34 Warwolf
37:24 Pikeman
39:41 Chemistry
38:48 Siege Engineers
38:40 Murder Holes
42:13 Two-Man Saw
41:40 Caravan
42:23 Halberdier
45:41 Squires
45:27 Gambesons
TheBoss2333
2:34 Loom
12:37 Feudal Age
13:18 Double-Bit Axe
14:46 Horse Collar
16:29 Gold Mining
22:34 Stone Mining
24:54 Castle Age
23:11 Forging
23:02 Scale Mail Armor
25:10 Scale Barding Armor
25:46 Heavy Plow
27:54 Bow Saw
28:24 Stone Shaft Mining
39:37 Chain Mail Armor
Kraelor
10:42 Loom
13:38 Feudal Age
14:31 Double-Bit Axe
16:29 Gold Mining
19:19 Castle Age
17:14 Fletching
19:04 Padded Archer Armor
24:03 Bow Saw
23:37 Horse Collar
26:08 Bodkin Arrow
26:51 Wheelbarrow
27:46 Light Cavalry
29:36 Bloodlines
29:53 Husbandry
30:26 Stone Mining
31:47 Scale Barding Armor
32:42 Hand Cart
32:16 Town Watch
36:26 Masonry
40:09 Imperial Age
38:44 Chain Barding Armor
40:38 Forging
40:44 Leather Archer Armor
41:40 Conscription
42:07 Gold Shaft Mining
41:16 Hussar
41:34 Heavy Scorpion
42:52 Bracer
44:00 Chemistry
43:06 Town Patrol
45:26 Elite Mangudai
46:44 Iron Casting
46:53 Drill
Talar Madeira
1:21 Loom
15:53 Feudal Age
17:47 Double-Bit Axe
18:35 Fishing Lines
24:32 Castle Age
26:30 Bow Saw
27:24 Gillnets
32:06 Imperial Age
31:14 Anarchy
32:42 Forging
32:33 Scale Mail Armor
33:39 Perfusion
33:41 Squires
34:18 Iron Casting
34:49 Two-Man Saw
34:25 Chain Mail Armor
34:15 Gold Mining
35:15 Wheelbarrow
37:07 Chemistry
38:31 Blast Furnace
38:59 Scale Barding Armor
40:53 Sappers
40:46 Elite Huskarl
42:27 Chain Barding Armor
44:28 Hand Cart
44:55 Onager
46:01 Husbandry
46:13 Bloodlines
45:45 Light Cavalry
46:49 Caravan
47:13 Hand Cart
46:44 Hussar
EL THANOS
0:59 Loom
15:19 Feudal Age
16:40 Double-Bit Axe
23:17 Castle Age
21:47 Stone Mining
22:45 Horse Collar
22:58 Gold Mining
25:14 Bow Saw
27:42 Heavy Plow
30:50 Caravan
31:50 Gold Shaft Mining
34:20 Wheelbarrow
37:15 Imperial Age
34:33 Town Watch
35:58 Hand Cart
35:45 Town Patrol
36:21 Coinage
36:09 Padded Archer Armor
36:00 Fletching
36:37 Ballistics
36:28 Masonry
37:23 Leather Archer Armor
39:03 Chemistry
39:17 Ring Archer Armor
38:42 Bodkin Arrow
38:30 Heavy Rocket Cart
41:03 Conscription
41:49 Heavy Scorpion
41:53 Capped Ram
43:06 Siege Ram
Connection lost

Rejoining the realm…

Still unreachable

The connection could not be restored.

Session expired

The server has moved on; the page needs a fresh start.